 Dungeon Crawl Stone Soup version 0.18.1-50-g88ac8fd (webtiles) character file.

2555 Nordron the Digger (level 9, -3/51 HPs)
             Began as a Gargoyle Earth Elementalist on Oct 3, 2016.
             Slain by a gnoll
             ... wielding a +0 halberd
              (9 damage)
             ... on level 7 of the Dungeon.
             The game lasted 00:48:26 (7023 turns).

Nordron the Digger (Gargoyle Earth Elementalist)    Turns: 7023, Time: 00:48:26

Health: -3/51      AC: 10    Str: 12    XL:     9   Next: 56%
Magic:  3/19       EV: 12    Int: 19    God:
Gold:   259        SH:  0    Dex: 10    Spells: 8 memorised, 0 levels left

rFire  . . .     SeeInvis .     D - -1 war axe (curse)
rCold  . . .     Gourm    .     a - +0 robe
rNeg   + . .     Faith    .     (no shield)
rPois  ∞         Spirit   .     (no helmet)
rElec  +         Dismiss  .     g - +1 cloak
rCorr  .         Reflect  .     (no gloves)
SustAt .         Harm     .     (no boots)
MR     .....                    (no amulet)
Stlth  ++........               (no ring)
                                (no ring)

@: very slightly contaminated, not resistant to hostile enchantments, unstealthy
A: negative energy resistance 1, electricity resistance, unbreathing,
petrification resistance, rot immunity, AC +5
a: no special abilities


You were on level 7 of the Dungeon.
You were hungry.

You visited 2 branches of the dungeon, and saw 8 of its levels.

You collected 259 gold pieces.

Inventory:

Hand Weapons
 v - a +4 flail of venom
 D - a cursed -1 war axe (weapon)
Missiles
 b - 136 stones (quivered)
Armour
 a - a +0 robe (worn)
 g - a +1 cloak (worn)
 k - a +0 large shield
Magical Staves
 i - an uncursed staff of wizardry
Wands
 f - a wand of random effects (37/48)
 t - a wand of lightning (15/15)
 F - a wand of flame (10/48)
Scrolls
 n - 2 scrolls of identify
 o - 5 scrolls of teleportation
 u - a scroll of immolation
 x - 2 scrolls of amnesia
 A - 4 scrolls of recharging
Potions
 e - a potion of lignification {unknown}
 m - 4 potions of curing
 q - a potion of degeneration {unknown}
 s - 2 potions of berserk rage {unknown}
 w - 2 potions of haste {unknown}
 B - a potion of flight {unknown}
 E - a potion of agility {unknown}
Books
 c - a book of Geomancy

   Spells                             Type                      Level
   a - Sandblast                      Earth                        1
   b - Passwall                       Transmutation/Earth          2
   c - Stone Arrow                    Conjuration/Earth            3
   d - Petrify                        Transmutation/Earth          4
   e - Lee's Rapid Deconstruction     Earth                        5
 r - a book of Unlife

   Spells                             Type                      Level
   a - Recall                         Summoning/Translocation      3
   b - Animate Dead                   Necromancy                   4
   c - Control Undead                 Necromancy                   4
   d - Cigotuvi's Embrace             Necromancy                   5
   e - Death Channel                  Necromancy                   6
   f - Simulacrum                     Ice/Necromancy               6
 y - a book of the Warp

   Spells                             Type                      Level
   a - Recall                         Summoning/Translocation      3
   b - Gell's Gravitas                Hexes/Translocation          3
   c - Force Lance                    Conjuration/Translocation    4
   d - Warp Weapon                    Charms/Translocation         5
   e - Summon Forest                  Summoning/Translocation      5
 z - a book of Annihilations

   Spells                             Type                      Level
   a - Poison Arrow                   Conjuration/Poison           6
   b - Chain Lightning                Conjuration/Air              8
   c - Lehudib's Crystal Spear        Conjuration/Earth            8
   d - Glaciate                       Conjuration/Ice              9
   e - Fire Storm                     Conjuration/Fire             9
 C - a book of Minor Magic

   Spells                             Type                      Level
   a - Magic Dart                     Conjuration                  1
   b - Blink                          Translocation                2
   c - Call Imp                       Summoning                    2
   d - Repel Missiles                 Charms/Air                   2
   e - Slow                           Hexes                        2
   f - Conjure Flame                  Conjuration/Fire             3
   g - Mephitic Cloud                 Conjuration/Poison/Air       3
Comestibles
 d - 5 bread rations
 h - 2 beef jerkies
 l - 2 meat rations
 p - a royal jelly
 G - 4 chunks of flesh


   Skills:
 + Level 3.2 Fighting
 - Level 1.4 Staves
 + Level 3.5 Armour
 + Level 2.9 Dodging
 - Level 2.1 Stealth
 + Level 3.4 Shields
 * Level 7.1 Spellcasting
 + Level 4.0 Conjurations
 + Level 0.0 Translocations
   Level 0.7 Transmutations
 + Level 0.2 Fire Magic
 + Level 7.4 Earth Magic
 + Level 2.7 Evocations


You couldn't memorise any spells.
You knew the following spells:

 Your Spells              Type           Power        Failure   Level  Hunger
a - Sandblast             Erth           #####.       1%          1    None
b - Stone Arrow           Conj/Erth      ####..       2%          3    #......
c - Lee's Rapid Deconstr  Erth           #####.....   14%         5    #####..
d - Gell's Gravitas       Hex/Tloc       #.........   34%         3    #......
e - Blink                 Tloc           N/A          17%         2    None
f - Conjure Flame         Conj/Fire      ##......     14%         3    #......
g - Repel Missiles        Chrm/Air       #.....       17%         2    None
h - Mephitic Cloud        Conj/Pois/Air  ##......     17%         3    #......


Dungeon Overview and Level Annotations

Branches:
Dungeon (7/15)             Temple (1/1) D:7

Altars:
Cheibriados
Elyvilon
Gozag
Kikubaaqudgha
Makhleb
Nemelex Xobeh
Pakellas
Qazlal
Ru
Xom
Yredelemnul
The Shining One

Annotations:
D:7 Dowan, Duvessa, Pikel


Innate Abilities, Weirdness & Mutations

You are resistant to torment.
Your stone body is resilient (AC +5).
You are immune to poison.
You resist negative energy.
You are resistant to electric shocks.
You can survive without breathing.
You are immune to petrification.
You are immune to rotting.


Message History

Aim: a jackal (moderately wounded)
The blast of sand hits the jackal.
You kill the jackal!
The jackal bites you but does no damage.
The gnoll hits you from afar with a halberd.
* * * LOW HITPOINT WARNING * * *
You hit the jackal but do no damage. The jackal bites you.
* * * LOW HITPOINT WARNING * * *
The jackal bites you.
* * * LOW HITPOINT WARNING * * *
The gnoll hits you but does no damage.
Casting: Sandblast
Confirm with . or Enter, or press ? or * to list all spells.
Aiming: Sandblast
Press: ? - help, Shift-Dir - straight line, f - jackal
Aim: a jackal The blast of sand misses the jackal.
The jackal bites you but does no damage.
The gnoll hits you from afar with a halberd!
You die...

,******,,,,,,,,,,*
,* *,*******#.# ,*
*,* #.# ,* *,* #.#
,*** *,* #.# ,,,*
*,* #.# **,* *,*
#.# *,* *,* ##*
#h# *,* *,**#.#*
#@# *,*
*,##,#.###†# *,*
*,#.###g.g.#
**,****,*#.#p#####
,,,,,,,,**#.##
******,,* #.# *,,*
#.# *,,* #p# *,,*
#.#


You could see a gnoll and a jackal.

Vanquished Creatures
  Sigmund (D:4)
  A hippogriff (D:6)
  Edmund (D:4)
  2 black bears
  An orc warrior (D:6)
  2 ice beasts (D:6)
  5 ogres
  The ghost of Naarciss the Magician, an amateur DEWz (D:3)
  2 giant frogs (D:6)
  2 scorpions
  3 killer bees (D:7)
  2 crimson imps (D:5)
  2 hounds
  An orc priest (D:5)
  2 jellies (D:6)
  5 orc wizards
  A centaur skeleton (D:5)
  2 giant frog skeletons (D:6)
  An iguana (D:3)
  6 worker ants
  A hound skeleton (D:6)
  A gnoll (D:7)
  9 adders
  5 shadow imps
  An ooze (D:3)
  An adder skeleton (D:4)
  3 worms
  A dart slug (D:3)
  4 giant geckos
  25 orcs
  7 bats
  3 giant cockroaches
  9 goblins
  9 hobgoblins
  3 jackals (D:7)
  7 quokkas
  A sheep (D:6)
  3 ball pythons
  2 giant newts
  A jackal skeleton (D:4)
  8 kobolds
  7 rats
154 creatures vanquished.

Notes
Turn   | Place    | Note
--------------------------------------------------------------
     0 | D:1      | Nordron the Gargoyle Earth Elementalist began the quest for the Orb.
     0 | D:1      | Reached XP level 1. HP: 10/10 MP: 3/3
   394 | D:1      | Reached XP level 2. HP: 15/15 MP: 0/5
  1172 | D:2      | Reached XP level 3. HP: 19/19 MP: 5/7
  1619 | D:2      | Reached XP level 4. HP: 24/24 MP: 4/8
  1637 | D:2      | Learned a level 3 spell: Stone Arrow
  2234 | D:3      | Reached skill level 5 in Earth Magic
  2234 | D:3      | Reached XP level 5. HP: 28/28 MP: 6/11
  2455 | D:3      | Noticed Naarciss's ghost (amateur DEWz)
  2468 | D:3      | Killed Naarciss's ghost
  2468 | D:3      | Reached XP level 6. HP: 32/32 MP: 5/13
  2676 | D:3      | Found an opulent altar of Gozag.
  3002 | D:4      | Learned a level 5 spell: Lee's Rapid Deconstruction
  3210 | D:4      | Noticed Sigmund
  3215 | D:4      | Killed Sigmund
  3215 | D:4      | Reached skill level 5 in Spellcasting
  3215 | D:4      | Reached skill level 1 in Conjurations
  3215 | D:4      | Reached XP level 7. HP: 36/36 MP: 8/15
  3623 | D:4      | Noticed Edmund
  3829 | D:4      | Reached skill level 1 in Fighting
  3829 | D:4      | Reached skill level 1 in Armour
  3829 | D:4      | Reached skill level 1 in Evocations
  3829 | D:4      | Reached XP level 8. HP: 41/43 MP: 2/17
  4053 | D:4      | Killed Edmund
  4053 | D:4      | Reached skill level 1 in Staves
  4053 | D:4      | Reached skill level 1 in Shields
  4064 | D:4      | Learned a level 3 spell: Gell's Gravitas
  4255 | D:5      | Entered Level 5 of the Dungeon
  4882 | D:5      | Found a sacrificial altar of Ru.
  5080 | D:5      | Found a sparkling altar of Nemelex Xobeh.
  5219 | D:5      | Found a basalt altar of Yredelemnul.
  5530 | D:6      | Reached XP level 9. HP: 49/49 MP: 4/19
  5950 | D:6      | Found a shimmering altar of Xom.
  6002 | D:6      | Found a stormy altar of Qazlal.
  6615 | D:7      | Found a staircase to the Ecumenical Temple.
  6624 | Temple   | Entered the Ecumenical Temple
  6889 | D:7      | Learned a level 2 spell: Blink
  6893 | D:7      | Learned a level 3 spell: Conjure Flame
  6896 | D:7      | Learned a level 2 spell: Repel Missiles
  6900 | D:7      | Learned a level 3 spell: Mephitic Cloud
  6975 | D:7      | Noticed Duvessa
  6981 | D:7      | Noticed Dowan
  6992 | D:7      | Noticed Pikel
  7023 | D:7      | Slain by a gnoll

Skill      XL: |  1  2  3  4  5  6  7  8  9 |
---------------+----------------------------+-----
Earth Magic    | 4 5 6 7 |  7.4
Spellcasting   | 3 4 5 6 7 |  7.1
Conjurations   | 1 2 3 4 |  4.0
Fighting       | 1 2 3 |  3.2
Armour         | 1 2 3 |  3.5
Evocations     | 1 2 |  2.7
Staves         | 1 |  1.4
Shields        | 2 3 |  3.4
Dodging        | 2 |  2.9
Stealth        | |  2.1
Transmutations | |  0.7
Fire Magic     | |  0.2

Action                   |  1- 3 |  4- 6 |  7- 9 || total
-------------------------+-------+-------+-------++-------
Melee: Unarmed           |     7 |       |       ||     7
       Short sword       |    31 |    35 |       ||    66
       Flail             |       |     3 |     9 ||    12
       Staff             |       |       |    14 ||    14
       War axe           |       |       |    48 ||    48
 Cast: Sandblast         |    60 |    82 |   134 ||   276
       Stone Arrow       |       |     1 |    55 ||    56
       Lee's Rapid Decon |       |       |     4 ||     4
       Mephitic Cloud    |       |       |     1 ||     1
       Gell's Gravitas   |       |       |     1 ||     1
  Use: Scroll            |       |       |    12 ||    12
  Eat: Chunk             |     3 |     4 |    13 ||    20
       Beef jerky        |       |       |     1 ||     1
Armor: Robe              |    27 |    20 |    82 ||   129
Dodge: Dodged            |    84 |    34 |   133 ||   251
